 Dungeon Crawl Stone Soup version 0.31.0-11-ge490571c62 (webtiles) character file.

Game seed: 15556846842687881785

90 boopmooplesden the Covered (level 4, -5/38 HPs)
             Began as an Armataur Fighter on Feb 1, 2024.
             Slain by Sigmund
             ... wielding a +0 scythe
              (10 damage)
             ... on level 2 of the Dungeon.
             The game lasted 00:01:47 (1542 turns).

boopmooplesden the Covered (Armataur Fighter)       Turns: 1542, Time: 00:01:47

Health: -5/38      AC:  8    Str: 23    XL:     4   Next: 32%
Magic:  4/4        EV:  6    Int:  8    God:
Gold:   62         SH:  0    Dex: 10    Spells: 3/3 levels left

rFire   . . .        a - +0 long sword
rCold   . . .        c - +1 buckler
rNeg    . . .        g - +0 chain mail
rPois   .            (no helmet)
rElec   .            (no cloak)
rCorr   .            (no gloves)
SInv    .            (no barding)
Will    .....        (no amulet) Stlth
                     (no ring)
HPRegen 0.26/turn    (no ring)
MPRegen 0.09/turn

%: roll
@: confused, mighty
A: large, deformed body, tough skin 3, armoured tail, roll 1
a: no special abilities


You were on level 2 of the Dungeon.
You visited 1 branch of the dungeon, and saw 2 of its levels.

You collected 62 gold pieces.

Inventory:

Hand Weapons
 a - a +0 long sword (weapon)
Armour
 b - a +0 scale mail
 c - a +1 buckler (worn)
 g - a +0 chain mail (worn)
Jewellery
 j - a ring of ice
 l - a ring of magical power
Scrolls
 f - 2 scrolls of teleportation {unknown}
 h - a scroll of enchant weapon {unknown}
Potions
 e - a potion of attraction {unknown}
 i - a potion of degeneration {unknown}
 k - a potion of heal wounds {unknown}


   Skills:
 + Level 3.2 Fighting
 + Level 2.9 Long Blades
 + Level 4.3 Armour
 + Level 0.1 Dodging
 + Level 3.8 Shields


You had 3 spell levels left.
You didn't know any spells.
Your spell library was empty.

Dungeon Overview and Level Annotations

Branches:
Dungeon (2/15)

Altars:

Annotations:
D:2 Sigmund


Innate Abilities, Weirdness & Mutations

Armour fits poorly on your strangely shaped body.
You have extremely tough skin. (AC +3)
You have a long armoured tail.
You regenerate magic when rolling toward enemies. (Rampage MPRegen)


Message History

Found 16 gold pieces.
The endoplasm quivers.
Sigmund gestures wildly while chanting.
Sigmund flickers and vanishes!
Deactivating autopickup; reactivate with Ctrl-A.
You barely miss something. Something hits you.
You miss something. You tail-slap something!
The endoplasm completely misses you. Something hits you.
You miss something.
The endoplasm hits you but does no damage.
Something hits you. The endoplasm barely misses you.
You slash something!
Your tail-slap misses something.
The endoplasm hits you.
You miss something.
You hear some strange, mumbled words.
You are confused.
The endoplasm hits you but does no damage.
Something hits you.
The endoplasm attacks as it pursues you!
The endoplasm hits you but does no damage.
You're too confused to move!
Something hits you!
The endoplasm hits you but does no damage.
The endoplasm freezes you.
You are frozen.
Something hits you but does no damage.
You slash the endoplasm!
You kill the endoplasm!
You feel less confused.
You hear some strange, mumbled words.
You are confused.
You completely miss something. Something hits you!
* * * LOW HITPOINT WARNING * * *
You bump into the rock wall.
You hear some strange, mumbled words.
Something tries to affect you, but you resist.
Something hits you.
* * * LOW HITPOINT WARNING * * *
You bump into the rock wall.
You hear some strange, mumbled words.
Something tries to affect you, but you resist.
Something hits you!
You die...

♣.♣....#<.... .. ♣
♣♣♣##...... ...
#...... ...#######
##......
...$.....####
........
...........$
....#......
.......)..#
#....+......
..........#
#...##......
........@.#
#...#######.
########..# #...#
#. ########.#
#...# #.
#........####...##
#.
#................#
#.
#................#
#.
#................#
##
#........#+#...###
###
########.#.#...#
#..


There were no monsters in sight!

Vanquished Creatures
  Natasha (D:2)
  3 gnolls (D:2)
  An adder (D:2)
  A ribbon worm (D:2)
  An orc (D:2)
  6 bats
  2 endoplasms
  A giant cockroach (D:2)
  A hobgoblin (D:1)
  3 ball pythons (D:1)
  A frilled lizard (D:1)
  3 goblins
  3 kobolds (D:1)
  3 rats
30 creatures vanquished.

Notes
Turn   | Place    | Note
-------+----------+-------------------------------------------
     0 | D:1      | boopmooplesden the Armataur Fighter began the quest for the
                  | Orb.
     0 | D:1      | Reached XP level 1. HP: 18/18 MP: 1/1
   426 | D:1      | Reached XP level 2. HP: 25/25 MP: 2/2
   762 | D:2      | Reached skill level 4 in Armour
   815 | D:2      | Reached XP level 3. HP: 7/31 MP: 3/3
  1374 | D:2      | Noticed Natasha
  1381 | D:2      | Killed Natasha
  1382 | D:2      | Reached XP level 4. HP: 31/38 MP: 4/4
  1525 | D:2      | Noticed Sigmund
  1542 | D:2      | Slain by Sigmund

Illustrated notes

Levels and vault maps discovered:
D:1:      nzn_arrival_crosshair, layout_loops_ring
D:2:      layout_basic, uniq_natasha, uniq_crazy_yiuf_cottage, uniq_sigmund

Skill      XL: |  1  2 |
---------------+-------+-----
Fighting       | 3 |  3.2
Long Blades    | 2 |  2.9
Armour         | 4 |  4.3
Dodging        | |  0.1
Shields        | |  3.8

Action                     |  1- 3 |  4- 6 || total
---------------------------+-------+-------++-------
  Melee: Long sword        |    92 |    19 ||   111
         Tailslap          |     9 |     1 ||    10
    Use: Scroll            |     2 |       ||     2
         Potion            |       |     1 ||     1
 Armour: Chain mail        |    87 |    31 ||   118
         Scale mail        |    11 |       ||    11
  Dodge: Dodged            |    24 |     9 ||    33
  Block: Buckler           |    25 |     6 ||    31
